 Dungeon Crawl Stone Soup version 0.31-a0-986-g5e6e4ef867 (webtiles) character file.

Game seed: 17034710506559175448

36616 croobank the Summoner (level 13, -14/107 HPs)
             Began as a Demigod Summoner on Nov 4, 2023.
             Demolished by a skyshark (24 damage)
             ... on level 3 of the Lair of Beasts.
             The game lasted 01:11:53 (20575 turns).

croobank the Summoner (Demigod Summoner)           Turns: 20575, Time: 01:11:53

Health: -14/107    AC:  5    Str:  9    XL:     13   Next: 22%
Magic:  22/29      EV: 15    Int: 39    God:
Gold:   909        SH:  0    Dex: 14    Spells: 5/28 levels left

rFire   . . .        M - +2 scimitar (flame)
rCold   . . .        (no shield)
rNeg    . . .        l - +0 troll leather armour
rPois   .            c - +1 hat
rElec   .            (no cloak)
rCorr   +            s - +0 pair of gloves
SInv    .            (no boots)
Will    ++...        a - amulet "Ecve" {Will+ Regen+}
Stlth   ++           m - +6 ring of intelligence
HPRegen 1.97/turn    j - ring of resist corrosion
MPRegen 0.21/turn

%: no passive effects
@: very slow
A: high MP 1, forlorn, divine attributes
a: no special abilities


You were on level 3 of the Lair of Beasts.
You visited 2 branches of the dungeon, and saw 15 of its levels.

You collected 992 gold pieces.
You spent 83 gold pieces at shops.

Inventory:

Hand Weapons
 o - a +3 dagger of speed
 u - a +2 dagger of venom
 z - a +3 trident of draining
 F - a +2 long sword of flaming
 G - a +2 trident of freezing
 J - a +3 short sword
 M - a +2 scimitar of flaming (weapon)
Missiles
 f - 8 poisoned darts
 v - 4 darts of dispersal
Armour
 c - a +1 hat (worn)
 e - a +0 ring mail
 l - a +0 troll leather armour (worn)
 s - a +0 pair of gloves (worn)
 E - a +1 robe of willpower
Magical Staves
 q - a staff of fire
 w - a staff of conjuration
 B - a staff of earth
Jewellery
 a - the amulet "Ecve" (around neck) {Will+ Regen+}
   (You acquired it on level 7 of the Dungeon)

   [amulet of regeneration]

   Will+:     It increases your willpower.
   Regen+:    It increases your rate of health regeneration.
 j - a ring of resist corrosion (right hand)
 m - a +6 ring of intelligence (left hand)
Wands
 g - a wand of roots (11)
 h - a wand of flame (5)
 i - a wand of light (9)
 r - a wand of mindburst (12)
 x - a wand of polymorph (10)
Scrolls
 k - a scroll of enchant weapon
 n - 5 scrolls of teleportation
 p - 2 scrolls of revelation
 y - 2 scrolls of immolation
 C - a scroll of silence
 D - 3 scrolls of identify
 L - a scroll of enchant armour
 O - 3 scrolls of fear
Potions
 b - 2 potions of magic
 d - 4 potions of brilliance
 t - 3 potions of mutation
 A - 3 potions of curing
 H - a potion of lignification
 N - a potion of enlightenment


   Skills:
 + Level 8.3 Fighting
 * Level 1.2 Short Blades
 + Level 8.5 Dodging
 + Level 9.1 Stealth
 * Level 8.4 Spellcasting
 - Level 5.0 Hexes
 * Level 9.7 Summonings
 + Level 6.3 Translocations
 + Level 6.7 Air Magic


You had 5 spell levels left.
You knew the following spells:

 Your Spells              Type           Power      Damage    Failure   Level
a - Summon Small Mammal   Summ           100%       N/A       1%          1
b - Call Imp              Summ           100%       N/A       1%          2
c - Call Canine Familiar  Summ           75%        N/A       1%          3
d - Summon Guardian Gole  Hex/Summ       65%        N/A       1%          3
e - Summon Lightning Spi  Summ/Air       69%        N/A       1%          4
f - Summon Forest         Summ/Tloc      34%        N/A       3%          5
g - Blink                 Tloc           100%       N/A       1%          2
h - Dazzling Flash        Conj/Hex       70%        N/A       3%          3

Your spell library contained the following spells:

 Spells                   Type           Power      Damage    Failure   Level
 Apportation              Tloc           100%       N/A       1%          1
 Jinxbite                 Hex            100%       N/A       1%          2
 Lesser Beckoning         Tloc           100%       N/A       1%          2
 Momentum Strike          Conj/Tloc      82%        3d10      1%          2
 Sigil of Binding         Hex            53%        N/A       1%          3
 Volatile Blastmotes      Fire/Tloc      82%        2d16      2%          3
 Foxfire                  Conj/Fire      64%        2x1d7     3%          1
 Dimensional Bullseye     Hex/Tloc       28%        N/A       3%          4
 Leda's Liquefaction      Hex/Erth       17%        N/A       11%         4
 Alistair's Intoxication  Tmut/Pois      10%        N/A       65%         5
 Summon Hydra             Summ           37%        N/A       43%         7
 Plasma Beam              Fire/Air       21%        2x1d33    75%         6
 Eringya's Noxious Bog    Tmut/Pois      8%         4d6       99%         6
 Starburst                Conj/Fire      8%         6d4       99%         6
 Maxwell's Capacitive Co  Air            31%        ∞         100%        8


Dungeon Overview and Level Annotations

Branches:
Dungeon (12/15)            Temple (0/1) D:4            Lair (3/5) D:11
  Swamp (0/4) Lair:2        Snake (0/4) Lair:2          Orc (0/2) D:11

Shops:
D:1 =   D:4 *

Annotations:
D:12 !4 skel warr


Innate Abilities, Weirdness & Mutations

You have an increased reservoir of magic. (+10% MP)
You shall have no god before yourself.
Your divine heritage dramatically boosts your attributes as you level up.


Message History

Casting: Summon Guardian Golem (safe; 1% risk of failure)
Confirm with . or Enter, or press ? or * to list all spells.
An electric hum fills the air.
Casting: Summon Lightning Spire (mildly dangerous; 1% risk of failure)
Confirm with . or Enter, or press ? or * to list all spells.
An electric hum fills the air.
Your lightning spire disappears in a puff of smoke!
You slash the skyshark! You burn the skyshark.
The skyshark is lightly wounded.
The skyshark bites you.
The skyshark tastes blood and grows stronger!
The skyshark closely misses you. The skyshark misses you.
The skyshark bites you!!
The skyshark enters a blood-rage!
The skyshark misses you. The skyshark tail-slaps you.
Your unstable footing causes you to fumble your attack.
The skyshark bites you!! The skyshark closely misses you. x2
The skyshark bites you but does no damage.
The skyshark misses you. The skyshark tail-slaps you.
Your unstable footing causes you to fumble your attack.
The skyshark completely misses you. x2; The skyshark closely misses you.
The skyshark bites you!! The skyshark tail-slaps you!
The skyshark tail-slaps you.
You closely miss the skyshark.
The skyshark is lightly wounded.
The skyshark bites you!
* * * LOW HITPOINT WARNING * * *
The skyshark tail-slaps you.
* * * LOW HITPOINT WARNING * * *
The skyshark closely misses you. The skyshark misses you.
The skyshark tail-slaps you but does no damage.
The skyshark tail-slaps you!
* * * LOW HITPOINT WARNING * * *
You hit the skyshark but do no damage.
The skyshark is lightly wounded.
The skyshark bites you but does no damage.
The skyshark tail-slaps you!
* * * LOW HITPOINT WARNING * * *
The skyshark tail-slaps you but does no damage.
The skyshark bites you!!
You die...

#.††..# #♣...♣# ♣♣.♣♣ #### ##
♣.♣# ## ...# ♣≈ ♣♣.~♣♣ ≈♣ ...#
#♣≈♣♣♣♣~~≈~♣♣♣≈♣# ..... ...#
#.~P♣.~♣.~♣♣♣P~.#......#
...###♣P~♣~P♣~.♣♣♣~P♣#......##
.#...#♣♣♣~♣♣♣.8l@~♣♣♣♣.......P
.....########.########........
...#.................l......#
..#..........................
...............#..#........#
............)###........###.
..#........#.##.##÷.÷...#
............#####.÷........#
............#####...÷...##.#


You could see a skyshark (berserk, ally target) and a friendly lightning spire
(summoned).

Vanquished Creatures
  Snorg (D:11)
  An elephant (Lair:3)
  A black mamba (Lair:3)
  2 cane toads
  A nameless horror (D:8)
  Grinder (D:3)
  2 blink frogs (Lair:3)
  A wyvern (D:11)
  A yak (D:11)
  A sky beast (D:7)
  An ice beast (D:7)
  A swamp drake (D:11)
  A wolf (D:8)
  2 centaurs
  4 bullfrogs
  5 killer bees
  An electric eel (Lair:3)
  A hound (D:4)
  2 orc priests (D:11)
  An iguana (D:4)
  2 orc wizards
  2 gnolls
  2 adders
  An ufetubus (D:6)
  2 worms
  6 orcs
  A ball python (D:3)
  A giant cockroach (D:4)
  A hobgoblin (D:4)
  2 kobolds
51 creatures vanquished.

Vanquished Creatures (collateral kills)
  Erica (D:10)
  The ghost of Athocut the Gouger, a journeyman FeDe of Gozag (D:11)
  A skyshark (Lair:3)
  A skeletal warrior (D:11)
  2 bog bodies (Lair:2)
  An ugly thing (D:11)
  7 elephants
  2 black mambas (Lair:3)
  3 torpor snails (Lair:2)
  9 cane toads
  2 rime drakes
  Jeremiah (D:7)
  4 komodo dragons
  A polar bear (Lair:1)
  A troll (D:11)
  Prince Ribbit (D:8)
  6 blink frogs
  Sigmund (D:6)
  2 basilisks
  3 wraiths
  2 wyverns
  21 yaks
  Grum (D:8)
  2 steam dragons
  Menkaure (D:4)
  4 nagas (Lair:2)
  2 acid dragons
  14 water moccasins
  4 orc warriors
  An ice beast (D:6)
  2 sky beasts
  8 wolves
  3 black bears
  An ogre (D:7)
  A centaur (D:8)
  A phantom (D:6)
  A kobold brigand (D:7)
  12 bullfrogs
  A gnoll sergeant (D:10)
  A scorpion (D:6)
  6 wights
  6 killer bees
  3 howler monkeys
  2 hounds (D:4)
  A jelly (D:6)
  A gnoll bouda (D:6)
  5 orc priests
  3 iguanas
  A sleepcap (D:4)
  10 orc wizards
  2 nameless horrors
  11 gnolls
  2 shadow imps
  3 adders
  A white imp (D:6)
  5 ufetubi
  A worm (D:4)
  2 dart slugs
  44 orcs
  2 ball pythons (D:4)
  5 endoplasms
  2 giant cockroaches (D:1)
  6 goblins
  6 hobgoblins
  2 quokkas (D:1)
  2 bats
  5 frilled lizards
  11 kobolds
  A rat (D:1)
284 creatures vanquished.

Vanquished Creatures (others)
  Gastronok (D:8)
  A hydra (Lair:3)
  A two-headed ogre (D:11)
  Pikel (D:4)
  A manticore (D:12)
  3 elephants
  A gargoyle (D:12)
  4 komodo dragons
  2 trolls (D:11)
  6 yaks
  Duvessa (D:4)
  2 water moccasins
  A black bear (D:5)
  An ice beast (D:5)
  A centaur (D:8)
  2 lemures (D:4)
  2 wolves (D:8)
  2 bullfrogs (Lair:3)
  Blork the orc (D:6)
  6 wights
  Dowan (D:4)
  An orc priest (D:11)
  An orc wizard (D:11)
  A gnoll (D:6)
  6 orcs
  3 snaplasher vines (D:11)
53 creatures vanquished.

Grand Total: 388 creatures vanquished

Notes
Turn   | Place    | Note
-------+----------+-------------------------------------------
     0 | D:1      | croobank the Demigod Summoner began the quest for the Orb.
     0 | D:1      | Reached XP level 1. HP: 14/14 MP: 5/5
   497 | D:1      | Reached XP level 2. HP: 22/22 MP: 7/7
   500 | D:1      | Learned a level 2 spell: Call Imp
   846 | D:1      | Found Jaikad's Jewellery Boutique.
  1554 | D:2      | Reached skill level 1 in Fighting
  1554 | D:2      | Reached XP level 3. HP: 2/28 MP: 3/8
  1621 | D:2      | Learned a level 3 spell: Call Canine Familiar
  2526 | D:3      | Reached XP level 4. HP: 35/35 MP: 4/10
  2884 | D:3      | Noticed Grinder
  2910 | D:3      | Paralysed by Grinder for 4 turns
  2920 | D:3      | Paralysed by Grinder for 3 turns
  2924 | D:3      | Killed Grinder
  2925 | D:3      | Reached XP level 5. HP: 41/41 MP: 1/12
  3217 | D:3      | Identified the +7 spear "Fuosuopn" {elec, rElec rPois rC+}
  3491 | D:3      | Reached XP level 6. HP: 34/48 MP: 9/13
  3823 | D:4      | Learned a level 3 spell: Summon Guardian Golem
  4108 | D:4      | Found a staircase to the Ecumenical Temple.
  4201 | D:4      | Noticed Menkaure
  4211 | D:4      | Killed Menkaure
  4396 | D:4      | Reached skill level 1 in Hexes
  4933 | D:4      | Found Vummukh's Assorted Antiques.
  4939 | D:4      | Bought a lumpy blue potion for 15 gold pieces
  4939 | D:4      | Bought a scroll of identify for 34 gold pieces
  4939 | D:4      | Bought a scroll of identify for 34 gold pieces
  4950 | D:4      | Noticed Duvessa
  4950 | D:4      | Noticed Dowan
  4962 | D:4      | Killed Duvessa
  4963 | D:4      | Reached XP level 7. HP: 56/56 MP: 7/15
  4985 | D:4      | Killed Dowan
  5349 | D:4      | Noticed Pikel
  5354 | D:4      | Killed Pikel
  5355 | D:4      | Reached skill level 5 in Summonings
  5355 | D:4      | Reached XP level 8. HP: 62/63 MP: 7/17
  5698 | D:5      | Entered Level 5 of the Dungeon
  5906 | D:5      | Learned a level 4 spell: Summon Lightning Spire
  6912 | D:6      | Reached skill level 5 in Stealth
  6912 | D:6      | Reached skill level 1 in Air Magic
  7363 | D:6      | Noticed Blork the orc
  7376 | D:6      | Killed Blork the orc
  8191 | D:6      | Reached XP level 9. HP: 72/72 MP: 10/19
  8205 | D:6      | Reached skill level 5 in Dodging
  8457 | D:6      | Noticed Sigmund
  8468 | D:6      | Killed Sigmund
  9004 | D:7      | Identified a scroll of acquirement
  9004 | D:7      | Acquired a Fen Folio
  9652 | D:7      | Reached skill level 5 in Fighting
  9742 | D:7      | Noticed Jeremiah
  9794 | D:7      | Reached skill level 5 in Spellcasting
  9802 | D:7      | Acquired the amulet "Ecve" {Will+ Regen+}
  9842 | D:7      | Killed Jeremiah
 10151 | D:8      | Noticed Prince Ribbit
 10165 | D:8      | Killed Prince Ribbit
 10447 | D:8      | Noticed Gastronok
 10455 | D:8      | Learned a level 5 spell: Summon Forest
 10470 | D:8      | Noticed a nameless horror
 10529 | D:8      | Killed a nameless horror
 10668 | D:8      | HP: 3/74 [wolf[Grum] (9)]
 10669 | D:8      | Noticed Grum
 10763 | D:8      | Reached XP level 10. HP: 81/81 MP: 13/21
 11445 | D:8      | Reached skill level 1 in Translocations
 11551 | D:8      | Killed Gastronok
 11849 | D:8      | Killed Grum
 11883 | D:8      | Reached skill level 5 in Hexes
 12917 | D:10     | Entered Level 10 of the Dungeon
 13190 | D:10     | Reached XP level 11. HP: 89/89 MP: 12/23
 13589 | D:10     | Noticed Erica
 13602 | D:10     | Killed Erica
 14189 | D:11     | Noticed Snorg
 14213 | D:11     | Found a staircase to the Orcish Mines.
 14218 | D:11     | Killed Snorg
 14595 | D:11     | Noticed a two-headed ogre
 14607 | D:11     | Killed a two-headed ogre
 14642 | D:11     | Reached skill level 5 in Translocations
 14642 | D:11     | Reached skill level 5 in Air Magic
 15135 | D:11     | Found a staircase to the Lair.
 15277 | D:11     | Found a large runed translucent door.
 15277 | D:11     | Found a large runed translucent door.
 15281 | D:11     | Noticed Athocut's ghost (journeyman FeDe)
 15406 | D:11     | Killed Athocut's ghost
 16107 | D:12     | Noticed a skeletal warrior
 16107 | D:12     | Noticed a skeletal warrior
 16107 | D:12     | Noticed a skeletal warrior
 16107 | D:12     | Noticed a skeletal warrior
 16110 | D:12     | Noticed a skeletal warrior
 16124 | D:12     | Noticed a rakshasa
 16126 | D:12     | Noticed a two-headed ogre
 16140 | D:11     | Killed a skeletal warrior
 16206 | D:11     | Learned a level 2 spell: Blink
 16210 | D:11     | Learned a level 3 spell: Dazzling Flash
 16317 | Lair:1   | Entered Level 1 of the Lair of Beasts
 16676 | Lair:1   | Reached XP level 12. HP: 68/100 MP: 9/26
 18067 | Lair:2   | Found a staircase to the Swamp.
 18200 | Lair:2   | Found a staircase to the Snake Pit.
 19982 | Lair:3   | Reached XP level 13. HP: 107/107 MP: 20/29
 20094 | Lair:3   | Identified the +4 flail of the Forgotten Seas {heavy, rF-
                  | rN+ Str+2 Dex+3}
 20433 | Lair:3   | Reached skill level 1 in Short Blades
 20575 | Lair:3   | Demolished by a skyshark

Illustrated notes

Levels and vault maps discovered:
D:1:      dpeg_arrival_stone_temple_mockup, layout_basic, serial_shops,
          nicolae_shop_gaudy_bauble, serial_curves, eino_curves_02,
          eino_curves_04, eino_curves_03, minmay_domino_2
D:2:      layout_loops_corners
D:3:      layout_loops_corners, palyth_stone_intersect, uniq_grinder
D:4:      layout_loops_corners, minmay_temple_entry_gardened_gates,
          serial_shops, shop, chequers_mini_garden, dreamdust_princess_corridor,
          nicolae_letterblocks [nicolae_letter_subblock,
          nicolae_letter_subblock, nicolae_letter_subblock,
          nicolae_letter_subblock, nicolae_letter_subblock,
          nicolae_letter_subblock, nicolae_letter_subblock,
          nicolae_letter_subblock, nicolae_letter_subblock,
          nicolae_letter_subblock, nicolae_letter_subblock,
          nicolae_letter_subblock, nicolae_letter_subblock,
          nicolae_letter_subblock, nicolae_letter_subblock,
          nicolae_letter_subblock, nicolae_letter_subblock,
          nicolae_letter_subblock, nicolae_letter_subblock,
          nicolae_letter_subblock, nicolae_letter_subblock,
          nicolae_letter_subblock, nicolae_letter_subblock,
          nicolae_letter_subblock, nicolae_letter_subblock], uniq_pikel,
          uniq_menkaure, uniq_duvessa
D:5:      layout_rooms, zin_academy
D:6:      layout_basic, uniq_blork_the_orc, uniq_sigmund
D:7:      layout_loops_ring, uniq_jeremiah
D:8:      layout_loops_corners, chequers_serial_rivers_small_b, chequers_garden,
          uniq_gastronok, uniq_prince_ribbit1, uniq_grum
D:9:      layout_roguey, dreamdust_wishing_well
D:10:     layout_gridville, uniq_erica
D:11:     layout_basic, erik_lair_dragon, erik_orc_1,
          ebering_ghost_disaster_area, minmay_orc_keep, uniq_snorg
D:12:     layout_loops_ring, serial_bayou, serial_bayou_crossing,
          serial_bayou_pond_e, serial_bayou_shore_b, serial_bayou_shore_b,
          serial_bayou_pond_c, serial_bayou_ford_a
Lair:1:   layout_cave_pods
Lair:2:   layout_loops_ring, skrybe_swamp_entry_bodies,
          minmay_snake_entry_guardpost_small, kennysheep_snail_temple
Lair:3:   nzn_winding_woodlands_stair_cross
          [nzn_winding_woodlands_5x15_lazy_stream,
          nzn_winding_woodlands_center_triple_pond,
          nzn_winding_woodlands_5x15_crooked, nzn_winding_woodlands_5x5_default,
          nzn_winding_woodlands_5x5_checkerboard,
          nzn_winding_woodlands_5x15_split_checker,
          nzn_winding_woodlands_center_garden,
          nzn_winding_woodlands_5x15_sawtooth], layout_gridlike,
          nicolae_quartered_pool_impasse, beast_lair_carwin_10

Skill      XL: |  1  2  3  4  5  6  7  8  9 10 11 12 13 |
---------------+----------------------------------------+-----
Stealth        | 2 3 4 5 6 7 8 9 |  9.1
Dodging        | 2 3 4 5 6 7 8 |  8.5
Spellcasting   | 2 3 4 5 6 8 |  8.4
Fighting       | 1 2 3 4 5 6 7 8 |  8.3
Summonings     | 4 5 6 7 8 9 |  9.7
Hexes          | 1 2 3 4 5 |  5.0
Air Magic      | 1 3 4 5 6 |  6.7
Translocations | 3 5 6 |  6.3
Short Blades   | 1 |  1.2

Action                     |  1- 3 |  4- 6 |  7- 9 | 10-12 | 13-15 || total
---------------------------+-------+-------+-------+-------+-------++-------
  Melee: Unarmed           |     6 |       |       |       |       ||     6
         Short sword       |    12 |       |       |       |       ||    12
         Dagger            |       |    48 |   246 |   104 |    27 ||   425
         Punch             |       |       |     2 |     2 |       ||     4
         Trident           |       |       |       |    39 |       ||    39
         Scimitar          |       |       |       |       |     5 ||     5
   Cast: Summon Small Mamm |    39 |    10 |    30 |    23 |       ||   102
         Call Imp          |    16 |    16 |    34 |    28 |     1 ||    95
         Call Canine Famil |     6 |    20 |    57 |    45 |     4 ||   132
         Summon Guardian G |       |     4 |    23 |    60 |     4 ||    91
         Summon Lightning  |       |       |    15 |    64 |     8 ||    87
         Summon Forest     |       |       |     1 |     7 |     1 ||     9
  Evoke: Wand              |       |     4 |    11 |     9 |       ||    24
    Use: Scroll            |     2 |     8 |     9 |    11 |       ||    30
         Potion            |       |       |     5 |     5 |       ||    10
   Stab: Sleeping          |       |     4 |     3 |     5 |       ||    12
         Distracted        |       |       |     3 |     6 |       ||     9
 Armour: Robe              |     9 |       |       |       |       ||     9
         Troll leather arm |    16 |    20 |   218 |   168 |    40 ||   462
         Skin              |       |       |       |     2 |       ||     2
  Dodge: Dodged            |    17 |    20 |   233 |   158 |    40 ||   468

Table legend: (Time is in decaauts)
 A = Elapsed time spent in this place.
 B = Non-inter-level travel time spent in this place.
 C = Inter-level travel time spent in this place.
 D = Time resting spent in this place.
 E = Time spent auto-exploring this place.
 F = Levels seen in this place.
 G = Mean time per level.
                   A        B        C        D        E       F      G
               +--------+--------+--------+--------+--------+-----+--------+
         Total |  20504 |  19878 |    626 |   3533 |  12368 |  15 | 1366.9 |
       Dungeon |  16239 |  15792 |    447 |   2530 |  10082 |  12 | 1353.2 |
          Lair |   4265 |   4086 |    179 |   1003 |   2285 |   3 | 1421.7 |
               +--------+--------+--------+--------+--------+-----+--------+

Top non-repeatable levels by time:
    D:11: 1981 daAuts
     D:8: 1932 daAuts
  Lair:1: 1865 daAuts
     D:6: 1856 daAuts
     D:4: 1755 daAuts
     D:1: 1483 daAuts
     D:3: 1461 daAuts
  Lair:2: 1375 daAuts
     D:7: 1368 daAuts
     D:5: 1124 daAuts
    D:10: 1047 daAuts
  Lair:3: 1024 daAuts
     D:2: 1021 daAuts
     D:9: 802 daAuts
    D:12: 403 daAuts
